 Dungeon Crawl Stone Soup version 0.29.1-15-g9cfb28693d (webtiles) character file.

Game seed: 17100954097486177230

744 croobank the Firebug (level 7, -2/56 HPs)
             Began as a Demigod Fire Elementalist on Mar 19, 2023.
             Killed by divine providence
             ... invoked by an orc priest
              (15 damage)
             ... on level 6 of the Dungeon.
             The game lasted 00:14:22 (5253 turns).

croobank the Firebug (Demigod Fire Elementalist)    Turns: 5253, Time: 00:14:23

Health: -2/56      AC:  6    Str:  9    XL:     7   Next: 23%
Magic:  13/15      EV: 13    Int: 25    God:
Gold:   182        SH:  0    Dex: 14    Spells: 3/12 levels left

rFire   . . .      SeeInvis .   a - +6 dagger (freeze)
rCold   . . .      Faith    .   (no shield)
rNeg    . . .      Spirit   .   e - +1 robe
rPois   .          Reflect  .   (no helmet)
rElec   .          Harm     .   (no cloak)
rCorr   .          Rampage  .   r - +1 pair of gloves
Will    +....                   w - +0 pair of boots
Stlth   ++........              n - amulet of magic regeneration
HPRegen 0.18/turn               l - ring of willpower
MPRegen 0.54/turn               A - ring of wizardry

@: no status effects
A: high MP 1, forlorn, divine attributes
a: no special abilities


You were on level 6 of the Dungeon.
You visited 1 branch of the dungeon, and saw 6 of its levels.

You collected 254 gold pieces.
You spent 72 gold pieces at shops.

Inventory:

Hand Weapons
 a - a +6 dagger of freezing (weapon)
 b - a +0 sling
 d - a +0 dagger
 h - a +0 falchion
 m - a +0 trident of venom
 s - a +0 vorpal hand axe
 v - a +1 short sword of venom
Armour
 e - a +1 robe (worn)
 i - a +0 ring mail
 r - a +1 pair of gloves (worn)
 w - a +0 pair of boots (worn)
 y - a +0 leather armour
Magical Staves
 c - a staff of air
Jewellery
 g - an amulet of the acrobat
 l - a ring of willpower (left hand)
 n - an amulet of magic regeneration (around neck)
 A - a ring of wizardry (right hand)
Wands
 u - a wand of flame (27)
 z - a wand of charming (7)
Scrolls
 o - 3 scrolls of teleportation
 E - a scroll of identify
Potions
 f - 3 potions of flight
 j - 3 potions of curing
 k - 2 potions of lignification
 p - 2 potions of mutation
 t - a potion of haste
 x - 2 potions of attraction
 B - 2 potions of magic


   Skills:
 + Level 2.6 Fighting
 + Level 3.4 Dodging
 + Level 3.9 Stealth
 + Level 3.2 Spellcasting
 + Level 2.9 Conjurations
 + Level 4.1 Fire Magic


You had 3 spell levels left.
You knew the following spells:

 Your Spells              Type           Power      Damage    Failure   Level
a - Foxfire               Conj/Fire      84%        2x1d8     1%          1
b - Scorch                Fire           48%        2d7       1%          2
c - Flame Wave            Conj/Fire      21%        2d8       9%          4
d - Ensorcelled Hibernat  Hex/Ice        8%         N/A       6%          2

Your spell library contained the following spells:

 Spells                   Type           Power      Damage    Failure   Level
 Conjure Flame            Conj/Fire      21%        6-21      2%          3
 Inner Flame              Hex/Fire       14%        N/A       5%          3
 Passwall                 Tmut/Erth      3%         N/A       6%          2
 Gell's Gravitas          Tloc           4%         N/A       12%         3
 Swiftness                Air            4%         N/A       12%         3
 Teleport Other           Tloc           4%         N/A       12%         3
 Dispersal                Tloc           2%         N/A       99%         6


Dungeon Overview and Level Annotations

Branches:
Dungeon (6/15)
 Temple: D:4-7

Shops:
D:1 =   D:3 ?   D:5 ?

Annotations:
D:3 2 transporters


Innate Abilities, Weirdness & Mutations

You have an increased reservoir of magic. (+10% MP)
You shall have no god before yourself.
Your divine heritage dramatically boosts your attributes as you level up.


Message History

The orc warrior barely misses you.
You barely miss the orc warrior.
The orc warrior is heavily wounded.
The orc warrior hits you with a +0 flail.
You hit the orc warrior but do no damage.
The orc warrior is heavily wounded.
The orc warrior hits you with a +0 flail.
You hit the orc warrior. You freeze the orc warrior.
The orc warrior is severely wounded.
The orc warrior hits you with a +0 flail!
Casting: Scorch (safe; 1% risk of failure)
Confirm with . or Enter, or press ? or * to list all spells.
Flames lash the orc.
You kill the orc!
The orc warrior closely misses you.
Casting: Scorch (safe; 1% risk of failure)
Confirm with . or Enter, or press ? or * to list all spells.
Flames lash the orc wizard.
The orc wizard is lightly wounded.
The orc wizard's fire resistance burns away.
The orc warrior hits you with a +0 flail!
* * * LOW HITPOINT WARNING * * *
As you read the scroll of fear, it crumbles to dust.
You assume a fearsome visage.
The orc warrior looks frightened!
The orc wizard looks frightened!
The orc priest looks frightened!
The orc wizard casts a spell.
The orc wizard flickers and vanishes!
Deactivating autopickup; reactivate with Ctrl-A.
Cornered, the orc priest turns to fight!
Cornered, the orc warrior turns to fight!
The orc priest miscasts a cantrip.
Okay, then.
The orc warrior is no longer more vulnerable to fire.
The orc priest calls upon Beogh to heal the orc warrior.
The orc warrior is healed somewhat.
The orc priest calls upon Beogh to heal the orc warrior.
The orc warrior is healed somewhat.
The orc priest calls down the wrath of Beogh upon you.
Beogh smites you!
You die...

.#. ..# ##++###.#
.)....#.# ≈..≈.#.#
#..o.# ..##§.'.#
.§o.≈§#o###########
......#..o...o..@.#
##++#############.#
#...(......# #.#
##.#######.# #.#
#.# #.# #.# #.# #.#
#.# #.# #.# #.#
#.#######.#####.#
#.......#.......#


You could see an orc warrior and an orc priest.

Vanquished Creatures
  Duvessa (D:5)
  2 phantoms
  A scorpion (D:5)
  Dowan (D:5)
  2 hounds (D:5)
  A jelly (D:5)
  A gnoll bouda (D:5)
  Terence (D:2)
  Jessica (D:2)
  An iguana (D:5)
  An orc wizard (D:5)
  3 gnolls (D:5)
  2 adders
  An ufetubus (D:6)
  4 worms
  4 dart slugs
  4 orcs
  2 ball pythons
  4 endoplasms
  4 giant cockroaches
  11 goblins
  5 hobgoblins
  7 jackals
  10 kobolds
  4 quokkas
  5 bats
  6 frilled lizards
  5 rats
94 creatures vanquished.

Vanquished Creatures (others)
  169 foxfires
169 creatures vanquished.

Grand Total: 263 creatures vanquished

Notes
Turn   | Place    | Note
-------+----------+-------------------------------------------
     0 | D:1      | croobank the Demigod Fire Elementalist began the quest for
                  | the Orb.
     0 | D:1      | Reached XP level 1. HP: 14/14 MP: 5/5
    53 | D:1      | Reached skill level 1 in Conjurations
   298 | D:1      | Reached XP level 2. HP: 20/20 MP: 2/7
   672 | D:1      | Learned a level 2 spell: Scorch
  1101 | D:1      | Found Ejuijoz's Jewellery Boutique.
  1631 | D:2      | Reached XP level 3. HP: 27/27 MP: 2/8
  1797 | D:2      | Reached skill level 3 in Fire Magic
  2080 | D:2      | Noticed Terence
  2092 | D:2      | Killed Terence
  2093 | D:2      | Reached skill level 1 in Fighting
  2093 | D:2      | Reached XP level 4. HP: 28/35 MP: 0/10
  2308 | D:2      | Noticed Jessica
  2313 | D:2      | Killed Jessica
  2945 | D:3      | Found Meqeceum's Magic Scroll Shop.
  2948 | D:3      | Bought a scroll of fear for 44 gold pieces
  3374 | D:3      | Found a transporter.
  3398 | D:3      | Found a transporter.
  3687 | D:4      | Learned a level 4 spell: Flame Wave
  4398 | D:5      | Entered Level 5 of the Dungeon
  4398 | D:5      | Noticed a phantom
  4409 | D:4      | Killed a phantom
  4410 | D:4      | Reached XP level 5. HP: 40/40 MP: 5/11
  4424 | D:4      | Learned a level 2 spell: Ensorcelled Hibernation
  4666 | D:5      | Reached XP level 6. HP: 48/48 MP: 7/13
  4801 | D:5      | Noticed Duvessa
  4808 | D:5      | Noticed Dowan
  4813 | D:5      | Killed Duvessa
  4819 | D:5      | Killed Dowan
  4820 | D:5      | Reached XP level 7. HP: 56/56 MP: 2/14
  4886 | D:5      | Reached skill level 4 in Fire Magic
  5025 | D:5      | Found Goycs's Magic Scroll Shoppe.
  5052 | D:5      | Bought a scroll of identify for 28 gold pieces
  5253 | D:6      | Killed from afar by an orc priest

Illustrated notes

Levels and vault maps discovered:
D:1:      lemuel_arrival_cross, layout_basic,
          shapermc_ecumenical_altar_notcrosses, serial_shops, shop_fountains
D:2:      layout_basic, minmay_joined_circles, uniq_jessica, uniq_terence
D:3:      gammafunk_steamed_eel, layout_basic, serial_shops, nicolae_shop_trees
D:4:      layout_basic, mainiacjoe_overflow_catwalk
D:5:      layout_cave_pools, lemuel_doored_altar, serial_shops, shop,
          uniq_duvessa
D:6:      layout_basic, fedhas_altar_1, minmay_temple_entry_purple_smoke,
          gup_sewer_entry_glass, kennysheep_generic_room_15

Skill      XL: |  1  2  3  4  5  6  7 |
---------------+----------------------+-----
Conjurations   | 1 2 |  2.9
Dodging        | 2 3 |  3.4
Stealth        | 2 3 |  3.9
Spellcasting   | 2 3 |  3.2
Fire Magic     | 3 4 |  4.1
Fighting       | 1 2 |  2.6

Action                   |  1- 3 |  4- 6 |  7- 9 || total
-------------------------+-------+-------+-------++-------
Melee: Unarmed           |     5 |       |       ||     5
       Staff             |    12 |       |       ||    12
       Dagger            |       |       |     3 ||     3
 Fire: Sling             |     6 |    43 |       ||    49
 Cast: Foxfire           |    44 |    43 |    17 ||   104
       Scorch            |    22 |    44 |    14 ||    80
  Use: Scroll            |     4 |     9 |     5 ||    18
       Potion            |     1 |       |       ||     1
Armor: Robe              |     3 |     7 |       ||    10
Dodge: Dodged            |    27 |    26 |     7 ||    60
